 Dungeon Crawl Stone Soup version 0.31.0-32-g396128a36d (webtiles) character file.

Game seed: 8061626429441121594

129 H0rd4k the Charlatan (level 5, 0/35 HPs)
             Began as an Octopode Artificer on Mar 25, 2024.
             Killed by divine providence
             ... invoked by an orc priest
              (9 damage)
             ... on level 4 of the Dungeon.
             The game lasted 00:02:12 (2388 turns).

H0rd4k the Charlatan (Octopode Artificer)           Turns: 2388, Time: 00:02:14

Health: 0/35       AC:  1    Str: 12    XL:     5   Next: 12%
Magic:  5/5        EV: 14    Int: 15    God:
Gold:   147        SH:  0    Dex: 18    Spells: 4/4 levels left

rFire   . . .        i - +2 dagger (drain)
rCold   . . .        (no shield)
rNeg    . . .        (helmet restricted)
rPois   .            (no amulet)
rElec   .            j - +6 ring of dexterity
rCorr   .            (no ring)
SInv    .            (no ring)
Will    .....        (no ring)
Stlth   +++          (no ring)
HPRegen 0.25/turn    (no ring)
MPRegen 0.09/turn    (no ring)
                     (no ring)

%: no passive effects
@: no status effects
A: almost no armour, amphibious, 8 rings, camouflage 1, gelatinous body 1,
(nimble swimmer 1), tentacles
a: no special abilities


You were on level 4 of the Dungeon.
You visited 1 branch of the dungeon, and saw 4 of its levels.

You collected 147 gold pieces.

Inventory:

Hand Weapons
 i - a +2 dagger of draining (weapon)
Jewellery
 j - a +6 ring of dexterity (left tentacle)
Wands
 b - a wand of flame (15) (quivered)
 c - a wand of charming (8)
 d - a wand of iceblast (5)
Scrolls
 e - 2 scrolls of immolation {unknown}
 g - a scroll of acquirement {unknown}
 k - a scroll of fear {unknown}
 l - a scroll of enchant armour {unknown}
 m - a scroll of silence {unknown}
 n - a scroll of identify {unknown}
 q - a scroll of blinking {unknown}
Potions
 a - 2 potions of might {unknown}
 f - 2 potions of heal wounds {unknown}
 h - 2 potions of degeneration {unknown}
 o - a potion of brilliance {unknown}
 p - a potion of curing {unknown}
 r - a potion of attraction {unknown}


   Skills:
 + Level 2.3 Fighting
 + Level 2.2 Short Blades
 - Level 2.3 Dodging
 - Level 1.3 Stealth
 + Level 3.0 Unarmed Combat
 - Level 3.2 Evocations


You had 4 spell levels left.
You didn't know any spells.
Your spell library contained the following spells:

 Spells                   Type           Power      Damage    Failure   Level
 Magic Dart               Conj           0%         1d3       26%         1
 Blink                    Tloc           0%         N/A       38%         2
 Call Imp                 Summ           0%         N/A       38%         2


Dungeon Overview and Level Annotations

Branches:
Dungeon (4/15)
 Temple: D:4-7

Altars:
Cheibriados
Qazlal

Shops:
D:2 [   D:3 *


Innate Abilities, Weirdness & Mutations

You cannot wear most types of armour.
You are amphibious.
You can wear up to eight rings at the same time.
Your skin changes colour to match your surroundings (Stealth+).
Your rubbery body absorbs attacks. (AC +1, EV +1)
((You are camouflaged when in or above water. (Stealth+)))
You have tentacles for arms and can constrict up to eight enemies at once.


Message History

Aiming: Charm
Press: ? - help, Shift-Dir - straight line, f - hound
Aim: a hound (chance to affect: 66%)
The hound struggles to resist.
The hound bites you.
* * * LOW HITPOINT WARNING * * *
The giant cockroach bites you but does no damage.
The orc barely misses you. x2
Aiming: Charm
Press: ? - help, Shift-Dir - straight line, f/p - hound
Aim: a hound (chance to affect: 66%)
The hound is charmed.
The giant cockroach closely misses you. The orc closely misses you.
The orc priest hits your hound with a +0 falchion.
The orc hits you with a +0 club.
* * * LOW HITPOINT WARNING * * *
The giant cockroach closely misses your hound.
The orc attacks as it pursues you! The orc hits you but does no damage.
The orc attacks as it pursues you! The orc closely misses you.
Aiming: Charm
Press: ? - help, Shift-Dir - straight line, f - orc, p - hound
Aim: an orc, wielding a +0 flail (chance to affect: 73%)
The orc is charmed.
The giant cockroach closely misses your hound.
The hobgoblin closely misses your hound.
The orc misses you.
Aiming: Charm
Press: ? - help, Shift-Dir - straight line, f - orc, p - orc
Aim: an orc, wielding a +0 club (chance to affect: 73%)
The orc is charmed.
The giant cockroach bites your hound.
Your hound bites the hobgoblin.
The giant cockroach bites your hound. The hobgoblin hits your hound.
The orc priest looks satisfied for a moment.
Your hound bites the giant cockroach but does no damage.
The giant cockroach barely misses your hound.
Your hound bites the giant cockroach.
A howler monkey comes into view.
The hobgoblin completely misses you.
Your orc misses the hobgoblin.
The orc priest calls down the wrath of Beogh upon you.
Beogh smites you!
You die...

.. . .h ....##. ...
.. ....#.. ....##.
....... ....#..
#......... .......
#..........
.......##...........
......#@............
.....ogho...........
#.....Bo...........#
...##.............#
## ###..........#
##........##
##......## ##.....##
##.....##


You could see a howler monkey, an orc priest, a giant cockroach (ally target), a
hobgoblin, a friendly hound (charmed) and 2 friendly orcs.

Vanquished Creatures
  An orc wizard (D:4)
  2 adders (D:2)
  2 ribbon worms
  4 orcs (D:3)
  7 bats
  An endoplasm (D:2)
  A giant cockroach (D:2)
  5 hobgoblins
  2 quokkas
  5 ball pythons
  5 goblins
  8 kobolds
  7 rats
50 creatures vanquished.

Vanquished Creatures (collateral kills)
  An orc wizard (D:3)
  An orc (D:3)
2 creatures vanquished.

Grand Total: 52 creatures vanquished

Notes
Turn   | Place    | Note
-------+----------+-------------------------------------------
     0 | D:1      | H0rd4k the Octopode Artificer began the quest for the Orb.
     0 | D:1      | Reached XP level 1. HP: 13/13 MP: 1/1
   276 | D:1      | Reached skill level 1 in Unarmed Combat
   276 | D:1      | Reached XP level 2. HP: 8/16 MP: 2/2
   635 | D:1      | Found a faded altar of an unknown god.
   878 | D:2      | Found a snail-covered altar of Cheibriados.
   960 | D:2      | Found Zeoxtuox's Antique Armour Boutique.
   968 | D:2      | Reached XP level 3. HP: 23/24 MP: 3/3
  1312 | D:2      | Reached skill level 1 in Short Blades
  1504 | D:3      | Found Lakewa's Assorted Antiques.
  1610 | D:3      | Reached XP level 4. HP: 29/29 MP: 4/4
  1728 | D:3      | Found a stormy altar of Qazlal.
  2383 | D:4      | Reached XP level 5. HP: 16/35 MP: 5/5
  2388 | D:4      | Killed from afar by an orc priest

Illustrated notes

Levels and vault maps discovered:
D:1:      dpeg_arrival_more_subterranean_lakeside_camping, layout_loops_cross,
          dilly_ecumenical_altar_fadedgnrine
D:2:      cheibrodos_old_hovel, layout_loops_ring, serial_shops,
          nicolae_shop_statue_plus, basic_altar
D:3:      layout_loops_ring, mainiacjoe_overflow_tiny_flanked, serial_shops,
          shop
D:4:      layout_cave_pods, minmay_temple_entry_statues_pillars,
          nicolae_ossuary_entry_catacombs, uniq_pikel

Skill      XL: |  1  2  3  4 |
---------------+-------------+-----
Unarmed Combat | 1 2 3 |  3.0
Short Blades   | 1 2 |  2.2
Fighting       | 2 |  2.3
Dodging        | |  2.3
Stealth        | |  1.3
Evocations     | |  3.2

Action                     |  1- 3 |  4- 6 || total
---------------------------+-------+-------++-------
  Melee: Unarmed           |    29 |       ||    29
         Tentacles         |    16 |     4 ||    20
         Constrict         |    13 |     9 ||    22
         Dagger            |    40 |    33 ||    73
         Punch             |     1 |     1 ||     2
  Evoke: Wand              |       |     7 ||     7
   Stab: Sleeping          |    10 |     2 ||    12
 Armour: Skin              |    29 |    27 ||    56
  Dodge: Dodged            |    32 |    27 ||    59
